 Dungeon Crawl Stone Soup version 0.13.0-29-gdb529de (webtiles) character file.

502 Lilouch the Firebug (level 5, -8/28 HPs)
             Began as a Deep Elf Fire Elementalist on Nov 6, 2013.
             Killed from afar by a gnoll (10 damage)
             ... with a wand of flame
             ... on Level 4 of the Dungeon.
             The game lasted 00:42:09 (4230 turns).

Lilouch the Firebug (Deep Elf Fire Elementalist)    Turns: 4230, Time: 00:42:10

HP  -8/28        AC  8     Str  5      XL: 5   Next: 53%
MP  10/16        EV 12     Int 21      God:
Gold 296         SH 11     Dex 15      Spells:  3 memorised,  3 levels left

Res.Fire  : . . .   See Invis. : .   g - +1,+4 sling
Res.Cold  : . . .   Warding    : .   n - +0 robe
Life Prot.: . . .   Conserve   : .   d - +2 buckler
Res.Poison: +       Res.Corr.  : .   v - +1 dwarf helmet
Res.Elec. : .       Clarity    : .   P - +1 orc cloak
Sust.Abil.: . .     Spirit.Shd : .   w - +0 pair of gloves
Res.Mut.  : .       Stasis     : .   x - +0 pair of elf boots (curse)
Res.Rott. : .       Flight     : .   (no amulet)
Saprovore : . . .                    (no ring)
                                     r - ring of poison resistance

@: very slightly contaminated, slightly resistant to hostile enchantments,
stealthy
A: no striking features
a: no special abilities


You were on level 4 of the Dungeon.
You were hungry.

You visited 1 branch of the dungeon, and saw 4 of its levels.

You collected 276 gold pieces.

Inventory:

Hand weapons
 g - a +1,+4 sling (weapon)
 q - a +4,+0 dagger
 t - a +0,+0 dagger of draining
 y - a +2,+2 dagger of protection
 A - a +0,+2 whip of freezing
 F - a +4 blowgun
Missiles
 i - 72 stones (quivered)
 k - 3 darts of frost
 l - 13 steel darts
 E - 14 poisoned needles
 O - 4 poisoned darts
Armour
 d - a +2 buckler (worn)
 n - a +0 robe (worn)
 v - a +1 dwarven helmet (worn)
 w - a +0 pair of gloves (worn)
 x - a cursed +0 pair of elven boots (worn)
 P - a +1 orcish cloak (worn)
Comestibles
 a - 2 meat rations
 c - 5 bread rations
 u - a choko
 C - 17 grapes
 K - a banana
Scrolls
 h - a scroll of remove curse
 j - a scroll of enchant weapon I {unknown}
 m - 2 scrolls of noise {unknown}
 o - a scroll of curse armour
 z - 2 scrolls of magic mapping
 D - a scroll of enchant weapon II {unknown}
 H - 2 scrolls of fear {unknown}
 I - a scroll of amnesia {unknown}
 J - 2 scrolls of teleportation
 M - a scroll of curse weapon {unknown}
Jewellery
 e - an uncursed ring of sustain abilities {unknown}
 r - a ring of poison resistance (left hand)
 G - an uncursed ring of teleportation
Potions
 f - a potion of restore abilities
 s - a potion of might
 B - 2 potions of brilliance {unknown}
 L - a potion of poison {unknown}
 N - a potion of heal wounds {unknown}
 S - 2 potions of slowing {unknown}
Books
 b - a book of Flames

   Spells                             Type                      Level
   *Flame Tongue                      Conjuration/Fire             1
   Throw Flame                        Conjuration/Fire             2
   *Conjure Flame                     Conjuration/Fire             3
   Inner Flame                        Hexes/Fire                   3
   *Sticky Flame                      Conjuration/Fire             4
   Fireball                           Conjuration/Fire             5


   Skills:
 - Level 1.0 Armour
 - Level 2.4 Dodging
 - Level 2.4 Stealth
 - Level 2.0 Shields
 + Level 3.5 Spellcasting
 * Level 3.2 Conjurations
 + Level 4.1 Fire Magic


You had 3 spell levels left.
You knew the following spells:

 Your Spells              Type           Power        Failure   Level  Hunger
a - Flame Tongue          Conj/Fire      ###..        2%          1    None
b - Conjure Flame         Conj/Fire      ###.....     10%         3    ###....
c - Sticky Flame          Conj/Fire      ###.....     28%         4    ####...


Dungeon Overview and Level Annotations

Branches:
Dungeon (4/27)
 Temple: D:4-7

Altars:
Elyvilon
Trog

Annotations:
D:2 Sigmund


Message History

You start resting.
A gnoll opens the door.
It is wielding a club.
The gnoll completely misses you.
There is an open door here.
Casting: Sticky Flame
Confirm with . or Enter, or press ? or * to list all spells.
Aiming: Sticky Flame
Press: ? - help, Shift-Dir - straight line, f/p - gnoll
Aim: a gnoll, wielding a club and carrying a wand of flame {zapped: 9} (lightly wounded)
You miscast Sticky Flame.
You are very lightly contaminated with residual magic.
You are caught in a violent explosion!
The explosion engulfs you!
Ouch! That really hurt!
* * * LOW HITPOINT WARNING * * *
The explosion engulfs the gnoll.
The gnoll is almost dead.
Drink which item? (? for menu, Esc to quit)
Okay, then.
The gnoll zaps a wand.
The puff of flame hits you!
You die...

.#####........>..
#............# .#
#........### #............#
.# #........# #............#
.# ####.##### #............#
## #....# #########'####
########'##### #....#
#............##############.#
#............'g..##..........
#.........<.@###.##..........
#............# #..#...((.....
#............# ##(.)((.g(....
#............# ###..........
#[........<..# ######.####
###########'## ...# #.# ..###
##.# ..# #..# ##


You could see a gnoll.

Vanquished Creatures
  An orc priest (D:4)
  An orc wizard (D:4)
  A gnoll (D:4)
  3 adders
  3 worms
  An ooze (D:2)
  7 orcs
  9 bats
  5 giant cockroaches
  7 hobgoblins
  4 jackals
  14 kobolds
  3 quokkas
  3 ball pythons
  2 giant geckos (D:1)
  3 giant newts
  6 goblins
  A kobold skeleton (D:4)
  An orc skeleton (D:4)
  13 rats
88 creatures vanquished.

Notes
Turn   | Place    | Note
--------------------------------------------------------------
     0 | D:1      | Lilouch, the Deep Elf Fire Elementalist, began the quest for the Orb.
     0 | D:1      | Reached XP level 1. HP: 10/10 MP: 4/4
   145 | D:1      | Reached skill level 1 in Armour
   234 | D:1      | Reached XP level 2. HP: 15/15 MP: 4/6
   360 | D:1      | Reached skill level 1 in Shields
  1024 | D:2      | Reached XP level 3. HP: 19/19 MP: 9/9
  1251 | D:2      | Noticed Sigmund
  1257 | D:2      | Learned a level 3 spell: Conjure Flame
  1699 | D:3      | Noticed Grinder
  2479 | D:3      | Reached XP level 4. HP: 20/24 MP: 0/12
  3161 | D:3      | Noticed a moth of wrath
  3162 | D:3      | Found a bloodstained altar of Trog.
  3367 | D:3      | Paralysed by Grinder for 6 turns
  3375 | D:3      | Paralysed by Grinder for 4 turns
  3384 | D:3      | Paralysed by Grinder for 7 turns
  3611 | D:4      | Found a white marble altar of Elyvilon.
  3661 | D:4      | Reached skill level 4 in Fire Magic
  3661 | D:4      | Reached XP level 5. HP: 10/28 MP: 4/15
  3974 | D:4      | Learned a level 4 spell: Sticky Flame
  4230 | D:4      | Killed from afar by a gnoll

Action                   |  1- 3 |  4- 6 || total
-------------------------+-------+-------++-------
 Fire: Sling             |    82 |   123 ||   205
 Cast: Flame Tongue      |    69 |    29 ||    98
       Conjure Flame     |     8 |     9 ||    17
       Sticky Flame      |       |     1 ||     1
  Use: Scroll            |     3 |     5 ||     8
       Potion            |       |     3 ||     3
